Cogmind - Beta 13 X2 @@@ ROGUE MODE // 2024.01.16 @ 21:20:27 Player: Minty Result: Destroyed by UL-U62(R) with Subdweller Machine Gun Performance ------------- Evolutions (0) 0 Regions Visited (2) 400 Robots Destroyed (25) 125 Value Destroyed (715) 715 Prototype IDs (0) 0 Alien Tech Used (0) 0 Bonus (59) 59 TOTAL SCORE: 1299 Bonus ------- High Alert Combat Kills 59 Cogmind --------- Core Integrity 0/250 Matter 275/300 Energy 65/100 System Corruption 0% Temperature Cool (11) Movement Rolling (110) Location -10/Subcaves Parts ------- > --- POWER (1) -------- (None) > --- PROPULSION (2) --- Subdweller Monowheel Subdweller Monowheel > --- UTILITY (2) ------ Small Storage Unit Targeting Computer > --- WEAPON (2) ------- Flamer Enhanced Flamer > --- INVENTORY (8) ---- Improved Heat Sink High-capacity Matter Pod (122) Targeting Computer Subdweller Beam Cannon Subdweller Machine Gun Battle Cannon Subdweller Shrapnel Launcher Ripper Peak State ------------ > --- POWER ------------ Light Nuclear Core > --- PROPULSION ------- Subdweller Monowheel Subdweller Monowheel > --- UTILITY ---------- Small Storage Unit Targeting Computer > --- WEAPON ----------- Flamer Enhanced Flamer > --- INVENTORY -------- Light Ion Engine Improved Heat Sink High-capacity Matter Pod Targeting Computer Subdweller Beam Cannon Subdweller Machine Gun Subdweller Shrapnel Launcher Ripper [Rating: 15] Favorites ----------- Power Light Ion Engine Engine Light Ion Engine Power Core Light Nuclear Core Propulsion Aluminum Leg Leg Aluminum Leg Wheel Subdweller Monowheel Hover Unit Hover Unit Utility Small Storage Unit Storage Small Storage Unit Processor Targeting Computer Protection Propulsion Shielding Weapon Grenade Launcher Energy Gun Medium Laser Ballistic Gun Light Assault Rifle Launcher Grenade Launcher Special Weapon Flamer Slashing Weapon Ripper Build | -11 -10 -10 ------- Run | Yrd Mat Sub Slots Evolved . | . . . Power . | . . . Propulsion . | . . . Utility . | . . . Weapon . | . . . Parts Attached 27 | . 20 7 Power 5 | . 4 1 Engine 3 | . 3 . Core 2 | . 1 1 Reactor . | . . . Propulsion 8 | . 6 2 Treads . | . . . Leg 4 | . 4 . Wheel 2 | . . 2 Hover 2 | . 2 . Flight . | . . . Utility 2 | . 2 . Device . | . . . Storage . | . . . Processor 1 | . 1 . Hackware . | . . . Protection 1 | . 1 . Artifact . | . . . Weapon 12 | . 8 4 Energy Gun 4 | . 4 . Energy Cannon . | . . . Ballistic Gun 2 | . 1 1 Ballistic Cannon . | . . . Launcher 3 | . 3 . Special Weapon 2 | . . 2 Impact Weapon . | . . . Slashing Weapon 1 | . . 1 Piercing Weapon . | . . . Special Melee Weapon . | . . . Unidentified Prototypes . | . . . Parts Lost 5 | . 3 2 Power 1 | . . 1 Propulsion 3 | . 2 1 Utility . | . . . Weapon 1 | . 1 . Highest Loss Streak 2 | . 2 1 To Critical Strikes . | . . . Average Slot Usage (%) 94 | . 93 97 Engine 10 | . 10 11 Core 3 | . 3 2 Leg 20 | . 21 13 Wheel 2 | . . 13 Hover 2 | . 2 . Storage 14 | . 14 14 Processor 5 | . 3 14 Protection 7 | . 9 . Energy Gun 10 | . 13 . Ballistic Gun 4 | . 4 7 Launcher 7 | . 8 4 Special Weapon 2 | . . 12 Naked Turns . | . . . Heaviest Build 16 | 13 16 15 Greatest Support 40 | 20 20 40 Greatest Overweight (x) 2 | . 2 1 Average Overweight (x) . | . . . Largest Inventory Capacity 8 | . 8 8 Average Capacity 8 | . 8 8 Most Carried 8 | . 8 8 Average Carried 7 | . 7 7 Final Capacity 8 | 8 8 8 Final Carried 8 | 6 7 8 Class Distribution -------------------- 96% | Mutant 3% | Scavenger-Mutant Dominant Class ---------------- Mutant | -10/Materials Mutant | -10/Subcaves Resources | -11 -10 -10 ----------- Run | Yrd Mat Sub Matter Collected 785 | 200 385 200 Remotely . | . . . Salvage Created 673 | . 643 30 Parts 37 | . 34 3 Haulers Intercepted . | . . . Recyclers Shooed . | . . . Parts Field Recycled . | . . . Retrieved Matter . | . . . Parts Self-Destructed 4 | . . 4 Prevented . | . . . Kills | -11 -10 -10 ------- Run | Yrd Mat Sub Combat Hostiles Destroyed 20 | . 19 1 Guns 5 | . 5 . AOE 14 | . 13 1 Classes Destroyed 6 | . 5 1 Worker 3 | . 3 . Recycler 1 | . 1 . Watcher 1 | . 1 . Swarmer 3 | . 3 . Grunt 16 | . 16 . Subdweller 1 | . . 1 Best Kill Streak 4 | . 4 1 Combat Bots Only 4 | . 4 1 Max Kills in Single Turn 2 | . 2 1 Gunslinging . | . . . Exploded 2 | . 2 1 Melee . | . . . Uniques/NPCs Destroyed . | . . . Combat | -11 -10 -10 -------- Run | Yrd Mat Sub Hostile Shots Fired 92 | . 81 11 Missed 20 | . 20 . Damage Taken 979 | . 735 244 Core 269 | . 129 140 Absorbed by Shields . | . . . Redirected to Shielding 44 | . 44 . Core Remaining (%) 100 | 100 . . Volleys Fired 79 | . 72 7 Largest 2 | . 2 2 Hottest 180 | . 90 180 Shots Fired 128 | . 115 13 Gun 97 | . 95 2 Cannon . | . . . Launcher 22 | . 20 2 Special 9 | . . 9 Kinetic 28 | . 26 2 Thermal 78 | . 69 9 Explosive 22 | . 20 2 Electromagnetic . | . . . Robot Hit Streak 11 | . 10 11 Robot Miss Streak 11 | . 11 2 Penetration Max . | . . . Secondary Targets 1 | . 1 . Max Gunslinging Chain 1 | . 1 . Shots Hit Robots 80 | . 71 9 Core Hits 46 | . 44 2 Critical Kills . | . . . Critical Parts Destroyed . | . . . Critical Strikes 5 | . 5 . Burn 5 | . 5 . Melee Attacks . | . . . Impact . | . . . Slashing . | . . . Piercing . | . . . Sneak Attacks . | . . . Combat Hostiles . | . . . Follow-up Attacks . | . . . Damage Inflicted 1967 | . 1813 154 Guns 638 | . 631 7 Cannons . | . . . Explosions 1269 | . 1174 95 Melee . | . . . Ramming 8 | . 8 . Kinetic 112 | . 105 7 Thermal 799 | . 747 52 Explosive 1048 | . 953 95 Electromagnetic . | . . . Impact . | . . . Slashing . | . . . Piercing . | . . . Highest Corruption . | . . . Average Corruption . | . . . Corruption Purged . | . . . Corruption Blocked . | . . . Overload Shots . | . . . Overflow Damage 63 | . 63 . Projectiles . | . . . Explosions 63 | . 63 . Melee . | . . . Knockbacks . | . . . Impact . | . . . Kinetic . | . . . Secondary . | . . . Self-Inflicted Damage 81 | . 81 . Shots 5 | . 5 . Rammed . | . . . Targets Rammed 1 | . 1 . Kicked 1 | . 1 . Crushed . | . . . Highest Temperature 418 | . 418 56 Average Temperature 88 | . 92 21 Received Heat Transfer 297 | . 297 . Siege Activations . | . . . Robots Corrupted . | . . . Combat Hostiles . | . . . Parts Fried . | . . . Impact Corruptions . | . . . Robots Melted 1 | . 1 . Combat Hostiles 1 | . 1 . Parts Melted 1 | . 1 . Heat Transferred 2321 | . 1921 400 Parts Sabotaged . | . . . Parts Stolen . | . . . Parts Stripped . | . . . Power Chain Reactions . | . . . Missiles Intercepted . | . . . Alert | -11 -10 -10 ------- Run | Yrd Mat Sub Peak Influence 604 | . 604 . Initial . | . . . Average 349 | . 349 . Maximum Alert Level 2 | . 2 . Low Security (%) 17 | . 17 . Level 1 42 | . 42 . Level 2 39 | . 39 . Level 3 . | . . . Level 4 . | . . . Level 5 . | . . . High Security . | . . . Max Security . | . . . Squads Dispatched 6 | . 6 . Investigation 4 | . 4 . Extermination . | . . . Reinforcement 2 | . 2 . Assault . | . . . Garrison . | . . . Intercept . | . . . Searches Triggered . | . . . Construction Impeded . | . . . Haulers Reinforced . | . . . Active Scanning Responses . | . . . Cargo Convoy Interrupts . | . . . Stealth | -11 -10 -10 --------- Run | Yrd Mat Sub Distress Signals . | . . . Communications Jammed . | . . . Distress Signals . | . . . Times Spotted 27 | . 25 2 Peak Tracking Total 3 | . 3 1 Tactical Retreats . | . . . Traps | -11 -10 -10 ------- Run | Yrd Mat Sub Traps Triggered 2 | . 2 . Indirectly . | . . . Trap Hack Attempts . | . . . Triggered . | . . . Disarmed . | . . . Reprogrammed . | . . . Reused . | . . . Traps Extracted . | . . . Installed . | . . . Triggered . | . . . Machines | -11 -10 -10 ---------- Run | Yrd Mat Sub Machines Disabled 5 | . 5 . Max in Single Turn 3 | . 3 . Machines Repaired . | . . . Machines Dismantled . | . . . Machines Sabotaged . | . . . Overloaded Fab Kills . | . . . Hacking | -11 -10 -10 --------- Run | Yrd Mat Sub Machines Accessed 3 | . 3 . Terminals 2 | . 2 . Fabricators . | . . . Repair Stations . | . . . Recycling Units 1 | . 1 . Scanalyzers . | . . . Garrison Access . | . . . Total Hacks 10 | . 10 . Successful 4 | . 4 . Failed 6 | . 6 . Catastrophic . | . . . Database Lockouts . | . . . Manual 5 | . 5 . Terminals 8 | . 8 . Fabricators . | . . . Repair Stations . | . . . Recycling Units 2 | . 2 . Scanalyzers . | . . . Garrison Access . | . . . Terminal Hacks 1 | . 1 . Locate Traps 1 | . 1 . Fabricator Hacks . | . . . Repair Station Hacks . | . . . Recycling Unit Hacks 1 | . 1 . Report Inventory 1 | . 1 . Scanalyzer . | . . . Garrison Access Hacks . | . . . Unauthorized Hacks 2 | . 2 . Terminals 1 | . 1 . Botnet 1 | . 1 . Fabricators . | . . . Repair Stations . | . . . Recycling Units 1 | . 1 . Tunnel 1 | . 1 . Scanalyzers . | . . . Garrison Access . | . . . Data Cores Recovered . | . . . Used . | . . . Hacking Detections 3 | . 3 . Full Trace Events 2 | . 2 . Feedback Events . | . . . Feedback Blocked . | . . . Robot Schematics Acquired . | . . . Robots Built . | . . . Authchips . | . . . Time . | . . . Total Robot Build Rating . | . . . Part Schematics Acquired . | . . . Parts Built . | . . . Authchips . | . . . Time . | . . . Total Part Build Rating . | . . . Parts Repaired . | . . . Time . | . . . Parts Recycled . | . . . Recycled Matter . | . . . Retrieved Matter . | . . . Retrieved Components . | . . . Parts Scanalyzed . | . . . Part Schematics Acquired . | . . . Parts Damaged . | . . . Bothacking | -11 -10 -10 ------------ Run | Yrd Mat Sub Used RIF Installer . | . . . Robots Hacked . | . . . Non-combat . | . . . Combat . | . . . Robot Hacks Applied . | . . . Relay Couplers Released . | . . . Fabnet Peak Effective % . | . . . Robots Rewired . | . . . Allies Hacked . | . . . Hacks Repelled . | . . . Allies | -11 -10 -10 -------- Run | Yrd Mat Sub Total Allies . | . . . Largest Group . | . . . Highest-Rated Group . | . . . Highest-Rated Ally . | . . . Total Orders . | . . . Ally Attacks . | . . . Total Damage . | . . . Kills . | . . . Allies Corrupted . | . . . Allies Melted . | . . . Intel | -11 -10 -10 ------- Run | Yrd Mat Sub Robot Analysis Total . | . . . Derelict Logs Recovered . | . . . Drone Launches . | . . . Drone Recoveries . | . . . Exploration | -11 -10 -10 ------------- Run | Yrd Mat Sub Turns Passed 788 | . 635 153 Spaces Moved 417 | 1 324 92 Core . | . . . Treads . | . . . Legs 331 | 1 299 31 Wheels 61 | . . 61 Hover 25 | . 25 . Flight . | . . . Fastest Speed 56 | 120 56 110 Average Speed 124 | 120 125 119 Slowest Speed 190 | 120 190 190 Overloaded Moves . | . . . Propulsion Burnouts . | . . . Robots Hopped . | . . . Cave-ins Triggered . | . . . Exploration Rate (%) 21 | 2 56 5 Regions Visited 2 Branch Regions 1 Pre-discovered Areas 1 | . 1 . Known Exits Taken . | . . . Unknown Exits Taken 2 | 1 1 . Scrap Searched 6 | . . 6 Spaces Dug . | . . . Terrain Destroyed 180 | . 167 13 Melee . | . . . Projectile . | . . . AOE 180 | . 167 13 Terrain Rammed . | . . . Walls Destroyed . | . . . Machines Disabled . | . . . Actions | -11 -10 -10 --------- Run | Yrd Mat Sub Total 562 | . 443 119 Wait 1 | . 1 . Move 415 | . 323 92 Hop . | . . . Pick Up 12 | . 8 4 Fast Attach 13 | . 9 4 Attach 3 | . 3 . Detach 5 | . 3 2 Swap 11 | . 8 3 Drop 22 | . 15 7 Fire 79 | . 72 7 Melee . | . . . Ram . | . . . Kick 1 | . 1 . Crush . | . . . Escape Stasis . | . . . Rewire . | . . . Trap . | . . . Miscellaneous . | . . . Route ------- -11/Scrapyard -10/Materials (discovered 2 exits: [*Mat] / [*Sub]) -10/Subcaves History --------- Turn | Location | Event 1 | -11/Scrapyard | Discovered new exit (range 0) 1 | -11/Scrapyard | Entered Materials 317 | -10/Materials | Build established: Mutant 342 | -10/Materials | Discovered new exit (range 6) 600 | -10/Materials | Core integrity fell below 50% 609 | -10/Materials | Discovered new exit (range 10) 636 | -10/Materials | Entered Subcaves 784 | -10/Subcaves | Core integrity fell below 20% 789 | -10/Subcaves | Destroyed by UL-U62(R) with Subdweller Machine Gun Last Messages --------------- 00714_ Searching scrap... 00714_ Found Sub. Monowheel. 00714_ Found 38 Matter. 00715_ Acquired 38 matter. 00716_ Dropped Lgt. Assault Rifle. 00718_ Acquired Flamer. 00723_ Searching scrap... 00723_ Found Sub. Machine Gun. 00723_ Found 31 Matter. 00724_ Acquired 31 matter. 00737_ The unstable cave ceiling collapses. 00737_ Sub. Optics crushed. 00742_ Dropped Aluminum Leg. 00743_ Acquired Sub. Monowheel. 00748_ The unstable cave ceiling collapses. 00753_ Dropped Propulsion Shielding. 00754_ Acquired Sub. Beam Cannon. 00761_ Dropped Lgt. Ion Engine. 00761_ Acquired Battle Cannon. 00787_ Lgt. Nuclear Core destroyed. Map ----- +----------------------------------------------------+ | | | | | | | | | | | | | | | | | | | | | | | | | | | ?????????????????????????????????????????????????? | | ?????????????????????????????????????????????????? | | ?????????????????????????????????????????????????? | | ?????????????????????????????????????????????????? | | ?????????????????????????????????????????????????? | | ?????????????????########????##??????????????????? | | ????????????????## "" ""#???$